 Dungeon Crawl Stone Soup version 0.17-a0-2073-gde5cdba (console) character file.

245 endege the Skirmisher (level 6, -8/41 (42) HPs)
             Began as a Kobold Assassin on Oct 15, 2015.
             Mangled by an ice beast (13 damage)
             ... on level 4 of the Dungeon.
             The game lasted 00:29:28 (2712 turns).

endege the Skirmisher (Kobold Assassin)             Turns: 2712, Time: 00:29:28

HP:   -8/41 (42)    AC:  3    Str: 12      XL:     6   Next: 32%
MP:   15/15         EV: 14    Int:  9      God:
Gold: 159           SH:  0    Dex: 15 (17) Spells: 0 memorised, 5 levels left

rFire  . . .     SeeInvis .     a - +2 dagger
rCold  . . .     Clarity  .     c - +0 robe
rNeg   . . .     SustAt   .     (shield restricted)
rPois  .         Gourm    .     (no helmet)
rElec  .         Spirit   .     d - +0 cloak
rCorr  .         Warding  .     (no gloves)
rMut   .         Stasis   .     (no boots)
MR     .....                    (no amulet)
Stlth  +++.......               (no ring)
                                q - ring of magical power

@: not resistant to hostile enchantments, fairly stealthy
A: carnivore 3
a: no special abilities


You were on level 4 of the Dungeon.
You were hungry.

You visited 1 branch of the dungeon, and saw 4 of its levels.

You collected 159 gold pieces.

Inventory:

Hand Weapons
 a - a +2 dagger (weapon)
 b - a +0 blowgun
 h - a +0 dagger
 i - a +0 short sword
 k - a cursed -2 dagger
 o - a +0 quarterstaff of protection
 r - a +0 short sword
 y - a +2 quarterstaff of chaos
Missiles
 e - 8 poisoned needles
 f - 2 curare-tipped needles
 n - 7 tomahawks (quivered)
 w - 14 poisoned arrows
Armour
 c - a +0 robe (worn)
 d - a +0 cloak (worn)
 t - a +0 robe
 u - a +0 leather armour
 A - a +0 cloak
Jewellery
 q - a ring of magical power (left hand)
Scrolls
 p - 3 scrolls of teleportation
 v - a scroll of remove curse
 x - 2 scrolls of identify
Potions
 j - 5 potions of curing
 m - 2 potions of haste
 z - 2 potions of heal wounds
Miscellaneous
 B - a plain deck of destruction
Comestibles
 g - a meat ration
 l - 11 chunks of flesh
 s - a slice of pizza


   Skills:
 + Level 6.8 Fighting
 - Level 2.6 Short Blades
 - Level 2.1 Throwing
 - Level 1.2 Dodging
 - Level 5.3 Stealth


You had 5 spell levels left.
You didn't know any spells.

Dungeon Overview and Level Annotations

Branches:
Dungeon (4/15)
 Temple: D:4-7

Altars:
Nemelex Xobeh


Innate Abilities, Weirdness & Mutations

You are small and have problems with some larger weapons.
You are carnivorous and can eat meat at any time.


Message History

You completely miss the ice beast.
The ice beast is almost dead.
The ice beast misses you.
You hit the ice beast but do no damage.
The ice beast is almost dead.
The ice beast hits you. The ice beast freezes you!
* * * LOW HITPOINT WARNING * * *
You are too injured to fight recklessly!
You are too injured to fight recklessly!
You are too injured to fight recklessly!
You are too injured to fight recklessly!
You barely miss the ice beast.
The ice beast is almost dead.
The ice beast closely misses you.
You hit the ice beast.
The ice beast is almost dead.
The ice beast hits you.
* * * LOW HITPOINT WARNING * * *
The ice beast freezes you!
You die...

..# #.# #.####### ###
###<....... ..#
.....###### ##.###
##...###### #....
#........# #..# .##
#...##.#.###..####.....
#.......#......@Y......
#....#.#.###..#.##.#.##
#.#...#...##..#.#
##.#..#.#.........
...#...............
##รท#......#.#.#...#.
...........#........#
.####.####........... .
.... .#...


You could see an ice beast.

Vanquished Creatures
  A necrophage (D:3)
  A worker ant (D:4)
  Crazy Yiuf (D:3)
  Ijyb (D:2)
  An adder (D:2)
  An ooze (D:1)
  A worm (D:3)
  A ball python (D:2)
  2 giant cockroaches (D:1)
  14 goblins
  6 hobgoblins
  6 jackals (D:3)
  A quokka (D:4)
  6 bats
  3 giant newts
  7 kobolds
  A quokka zombie (D:3)
  10 rats
64 creatures vanquished.

Vanquished Creatures (others)
  3 worker ants (D:4)
  An adder (D:4)
  An adder skeleton (D:4)
  An orc (D:4)
6 creatures vanquished.

Grand Total: 70 creatures vanquished

Notes
Turn   | Place    | Note
--------------------------------------------------------------
     0 | D:1      | endege the Kobold Assassin began the quest for the Orb.
     0 | D:1      | Reached XP level 1. HP: 12/12 MP: 1/1
   177 | D:1      | Reached XP level 2. HP: 17/19 MP: 2/2
   737 | D:1      | Reached XP level 3. HP: 23/23 MP: 3/3
   802 | D:2      | Noticed Ijyb
   819 | D:2      | Killed Ijyb
   819 | D:2      | Reached XP level 4. HP: 18/30 MP: 4/4
  1527 | D:2      | Found a sparkling altar of Nemelex Xobeh.
  1739 | D:3      | Reached skill level 5 in Fighting
  1922 | D:3      | Noticed a necrophage
  1931 | D:3      | Killed a necrophage
  1931 | D:3      | Reached skill level 6 in Fighting
  1931 | D:3      | Reached XP level 5. HP: 29/35 MP: 5/5
  2380 | D:3      | Noticed Crazy Yiuf
  2386 | D:3      | Killed Crazy Yiuf
  2386 | D:3      | Reached XP level 6. HP: 39/41 MP: 6/6
  2688 | D:4      | Noticed an ice beast
  2712 | D:4      | Mangled by an ice beast

Vault maps used:
D:1:      minmay_arrival_checkered_box
D:2:      first_bread, nemelex_lonely_heart_becter, uniq_iyjb
D:3:      amalloy_card_club, uniq_crazy_yiuf_cottage
D:4:      nicolae_overflow_crystal_walls, xom_confusion_cloud,
          old_standard_altar, minmay_temple_entry_statues_fountains

Action                   |  1- 3 |  4- 6 || total
-------------------------+-------+-------++-------
Melee: Dagger            |    74 |   144 ||   218
Throw: Tomahawk          |       |     5 ||     5
  Use: Scroll            |     2 |     4 ||     6
       Potion            |     2 |     3 ||     5
 Stab: Sleeping          |     4 |    14 ||    18
  Eat: Chunk             |       |     4 ||     4
       Pizza             |       |     1 ||     1
